 Dungeon Crawl Stone Soup version 0.25-a0-589-g1e14c549ee (webtiles) character file.

Game seed: 15837891771987026123, levelgen mode: deterministic

417 NoPocketsJustHoles the Chopper (level 6, 0/56 HPs)
             Began as a Deep Dwarf Fighter on Mar 10, 2020.
             Was a Follower of Wu Jian.
             Slain by an orc warrior
             ... wielding a +0 trident
              (9 damage)
             ... on level 4 of the Dungeon.
             The game lasted 00:47:56 (3881 turns).

NoPocketsJustHoles the Chopper (Deep Dwarf Fighter) Turns: 3881, Time: 00:47:57

Health: 0/56       AC: 11    Str: 22    XL:     6   Next: 61%
Magic:  3/3        EV:  9    Int:  8    God:    Wu Jian [*.....]
Gold:   135        SH: 10    Dex: 12    Spells: 5/5 levels left

rFire    . . .     SeeInvis .   a - +0 war axe
rCold    . . .     Gourm    .   c - +0 kite shield
rNeg     . . .     Faith    .   b - +0 scale mail
rPois    .         Spirit   .   (no helmet)
rElec    .         Reflect  .   A - +2 cloak {+Inv}
rCorr    +         Harm     .   j - +0 pair of gloves
MR       .....                  (no boots)
Stlth    ..........             (no amulet)
HPRegen  0.00/turn              k - ring of resist corrosion
MPRegen  0.08/turn              (no ring)

@: non-regenerating
A: damage resistance, heal wounds, sense surroundings 1, no regeneration
a: Heal Wounds, Renounce Religion, Evoke Invisibility


You were on level 4 of the Dungeon.
You worshipped Wu Jian.
Wu Jian was aware of your devotion.
You were hungry.

You visited 1 branch of the dungeon, and saw 4 of its levels.

You collected 135 gold pieces.

Inventory:

Hand Weapons
 a - a +0 war axe (weapon)
 h - a +2 quarterstaff of chaos
 o - a +0 hunting sling
Missiles
 i - 147 stones (quivered)
 q - 91 arrows
 r - 64 bolts
Armour
 b - a +0 scale mail (worn)
 c - a +0 kite shield (worn)
 j - a +0 pair of gloves (worn)
 A - a +2 cloak of invisibility (worn)
Jewellery
 k - a ring of resist corrosion (left hand)
Wands
 u - a wand of iceblast (3)
 y - a wand of disintegration (9)
Scrolls
 l - 2 scrolls of identify
 p - a scroll of teleportation {unknown}
 s - a scroll of immolation {unknown}
 t - a scroll of remove curse
 v - a scroll of blinking {unknown}
Potions
 e - a potion of stabbing {unknown}
 g - a potion of lignification
 n - a potion of haste {unknown}
 w - a potion of mutation {unknown}
 x - a potion of brilliance {unknown}
Comestibles
 f - 3 rations


   Skills:
 + Level 3.2 Fighting
 + Level 4.9 Axes
 + Level 0.7 Throwing
 + Level 4.5 Armour
 * Level 3.0 Dodging
 + Level 0.2 Stealth
 + Level 4.4 Shields


You had 5 spell levels left.
You didn't know any spells.
Your spell library was empty.

Dungeon Overview and Level Annotations

Branches:
Dungeon (4/15)
 Temple: D:4-7

Altars:
Okawaru
Sif Muna
Vehumet
Wu Jian
Xom


Innate Abilities, Weirdness & Mutations

You are resistant to damage.
You can heal yourself by infusing magical energy.
You passively map a small area around you.
You do not regenerate.


Message History

You hit the orc warrior but do no damage.
The orc warrior is lightly wounded.
The orc warrior hits you with a +0 trident!
* * * LOW HITPOINT WARNING * * *
You slash the orc warrior!
The orc warrior is severely wounded.
The orc warrior hits you but does no damage.
You feel much better.
The orc warrior hits you with a +0 trident.
You hit the orc warrior.
The orc warrior is severely wounded.
The orc warrior hits you with a +0 trident.
You barely miss the orc warrior.
The orc warrior is severely wounded.
The orc warrior hits you with a +0 trident!
* * * LOW HITPOINT WARNING * * *
You hit the orc warrior.
The orc warrior is almost dead.
The orc warrior hits you with a +0 trident!
You die...

.##....#...................#,
,,
.o.((.)().....#.###.######.#,
*
#####.).......#.##.......#.#
*
#.[.#..[.##.##.......#.#+####
#...........##...............
##...#)####.##...............
,
#...#...#####...............
#.*
#)#.#...#####...............
#.*
#.#.......o@.....##.........
#.*
#))........####...#.........
##.###....!.....#
#.#.###.#+####
................# #.#.#* .#
................# #.#.. .#
................# #.##.#* *
................# #.# ..* *
.........[......# ..,
..........).....########


You could see an orc warrior.

Vanquished Creatures
  2 ogres (D:4)
  An orc wizard (D:4)
  Crazy Yiuf (D:2)
  Ijyb (D:3)
  4 gnolls (D:3)
  7 adders
  A worm (D:4)
  2 dart slugs
  3 leopard geckos
  10 orcs (D:4)
  6 bats
  2 giant cockroaches
  5 goblins
  5 hobgoblins
  5 kobolds
  2 quokkas
  2 ball pythons
  2 frilled lizards
  A quokka skeleton (D:4)
  6 rats
68 creatures vanquished.

Vanquished Creatures (others)
  A bat (D:3)
1 creature vanquished.

Grand Total: 69 creatures vanquished

Notes
Turn   | Place    | Note
-------+----------+-------------------------------------------
     0 | D:1      | NoPocketsJustHoles the Deep Dwarf Fighter began the quest
                  | for the Orb.
     0 | D:1      | Reached XP level 1. HP: 20/20 MP: 1/1
   246 | D:1      | Reached XP level 2. HP: 24/27 MP: 2/2
  2221 | D:2      | Found a shimmering blue altar of Sif Muna.
  2240 | D:2      | Reached skill level 1 in Dodging
  2240 | D:2      | Reached XP level 3. HP: 16/33 MP: 3/3
  2592 | D:2      | Found a runed translucent door.
  2593 | D:2      | Noticed Crazy Yiuf
  2610 | D:2      | Killed Crazy Yiuf
  2704 | D:3      | Reached XP level 4. HP: 40/40 MP: 4/4
  2816 | D:3      | Noticed Ijyb
  2818 | D:3      | Found an iron altar of Okawaru.
  2835 | D:3      | Killed Ijyb
  2912 | D:3      | Found a shimmering altar of Xom.
  2988 | D:3      | Reached XP level 5. HP: 36/48 MP: 5/5
  2998 | D:3      | Found an ornate altar of the Wu Jian Council.
  3039 | D:3      | Found a radiant altar of Vehumet.
  3060 | D:3      | Became a worshipper of the Wu Jian Council
  3304 | D:3      | Found a faded altar of an unknown god.
  3594 | D:4      | Noticed an ogre
  3605 | D:4      | Killed an ogre
  3605 | D:4      | Reached XP level 6. HP: 32/56 MP: 5/5
  3784 | D:4      | Noticed an orc warrior
  3851 | D:4      | Reached * piety under Wu Jian
  3881 | D:4      | Slain by an orc warrior

Levels and vault maps discovered:
D:1:      psy_arrival_dodecagon, layout_basic, roderic_lattice_a
D:2:      layout_basic, lemuel_doored_altar, uniq_crazy_yiuf_cottage
D:3:      layout_basic, nicolae_overflow_quartered_altars, first_ration,
          chequers_ecumenical_altar_grove, uniq_ijyb
D:4:      layout_basic

Skill      XL: |  1  2  3  4  5  6 |
---------------+-------------------+-----
Dodging        | 1 2 3 |  3.0
Axes           | 3 4 |  4.9
Armour         | 4 |  4.5
Fighting       | 3 |  3.2
Shields        | 4 |  4.4
Throwing       | |  0.7
Stealth        | |  0.2

Action                   |  1- 3 |  4- 6 || total
-------------------------+-------+-------++-------
Melee: War axe           |    91 |   118 ||   209
 Fire: Hunting sling     |       |     1 ||     1
Throw: Stone             |       |    22 ||    22
       Javelin           |       |    12 ||    12
Invok: Lunge             |       |    12 ||    12
       Whirlwind         |       |     1 ||     1
 Abil: Heal Wounds       |     1 |     7 ||     8
Evoke: Wand              |       |     1 ||     1
  Use: Scroll            |     6 |     1 ||     7
       Potion            |     4 |     1 ||     5
  Eat: Chunk             |     2 |       ||     2
       Ration            |     1 |     1 ||     2
Armor: Scale mail        |    31 |    69 ||   100
Dodge: Dodged            |    28 |    56 ||    84
Block: Kite shield       |    55 |   102 ||   157

Table legend:
 A = Non-vault XP
 B = Vault XP
 C = Vault XP percentage of total XP
 D = Non-vault monster count
 E = Vault monster count
 F = Vault count percentage of total count
                 A         B        C        D         E       F
            +---------+---------+-------+---------+---------+-------
      Total |     523 |      73 |  12.2 |      66 |       2 |   2.9
            +---------+---------+-------+---------+---------+-------
        D:1 |      32 |       0 |   0.0 |      18 |       0 |   0.0
        D:2 |      21 |      37 |  63.8 |       7 |       1 |  12.5
        D:3 |     154 |      36 |  18.9 |      24 |       1 |   4.0
        D:4 |     316 |       0 |   0.0 |      17 |       0 |   0.0
            +---------+---------+-------+---------+---------+-------
